 Dungeon Crawl Stone Soup version 0.28.0-45-g0d030f2227 (webtiles) character file.

Game seed: 13278023259183316538

130774 pkoi the Thaumaturge (level 16, -1/127 HPs)
             Began as a Demigod Conjurer on Apr 12, 2022.
             Slain by an emperor scorpion (20 damage)
             ... on level 2 of the Spider Nest on Apr 13, 2022.
             The game lasted 01:48:04 (49099 turns).

pkoi the Thaumaturge (Demigod Conjurer)            Turns: 49099, Time: 01:48:05

Health: -1/127     AC: 13    Str: 15    XL:     16   Next: 6%
Magic:  7/36       EV: 20    Int: 36    God:
Gold:   2812       SH:  0    Dex: 14    Spells: 9/37 levels left

rFire   . . .      SeeInvis +   R - staff of poison
rCold   + . .      Faith    .   (no shield)
rNeg    . . .      Spirit   .   L - +0 steam dragon scales
rPois   +          Reflect  .   O - +2 helmet
rElec   .          Harm     .   E - scarf {repulsion}
rCorr   .          Rampage  .   z - +1 pair of gloves {Str+3}
Will    +....                   e - +2 pair of boots "Cicsuh" {Dex+2}
Stlth   ++........              S - amulet of Viucreiw {rC+ Regen+}
HPRegen 1.11/turn               k - +4 ring of evasion
MPRegen 0.25/turn               X - ring of see invisible

@: about to teleport, repel missiles
A: high MP 1, forlorn, divine attributes
a: no special abilities


You were on level 2 of the Spider Nest.
You visited 7 branches of the dungeon, and saw 27 of its levels.

You collected 3037 gold pieces.
You spent 225 gold pieces at shops.

Inventory:

Hand Weapons
 l - the +6 mace of the Ancients {flame, Int+4}
   (You found it on level 3 of the Lair of Beasts)

   It burns those it strikes, dealing additional fire damage.
   Int:       It affects your intelligence (+4).
Missiles
 B - a boomerang of dispersal
 I - a curare-tipped dart
 T - 2 throwing nets
Armour
 e - the +2 pair of boots "Cicsuh" (worn) {Dex+2}
   (You acquired it on level 3 of the Lair of Beasts)

   Dex:       It affects your dexterity (+2).
 z - a +1 pair of gloves of strength (worn)
 E - a scarf of repulsion (worn)
 L - +0 steam dragon scales (worn)
 O - a +2 helmet (worn)
Magical Staves
 R - a staff of poison (weapon)
Jewellery
 b - the amulet of the Prince of Darkness {Spirit +Blink MP+9 Str+3}
   (You found it on level 1 of the Spider Nest)

   [amulet of guardian spirit]

   It causes incoming damage to be divided between your reserves of health and
   magic.
   Str:       It affects your strength (+3).
   MP:        It affects your magic capacity (+9).
   +Blink:    It lets you blink.
 c - a +6 ring of intelligence
 i - a ring of protection from fire
 k - a +4 ring of evasion (left hand)
 C - a ring of protection from cold
 H - an amulet of magic regeneration
 K - a ring of resist corrosion
 S - the amulet of Viucreiw (around neck) {rC+ Regen+}
   (You found it on level 6 of the Lair of Beasts)

   [amulet of regeneration]

   rC:        It protects you from cold.
   Regen:     It increases your rate of health regeneration.
 W - a ring of positive energy
 X - a ring of see invisible (right hand)
Wands
 n - a wand of mindburst (24)
 u - a wand of acid (12)
 y - a wand of flame (23)
 A - a wand of iceblast (23)
 F - a wand of polymorph (6)
 G - a wand of charming (23)
 M - a wand of digging (5)
Scrolls
 a - 2 scrolls of identify
 d - 8 scrolls of blinking
 g - a scroll of fog
 j - 7 scrolls of teleportation
 m - a scroll of silence
 o - a scroll of enchant armour
 s - a scroll of magic mapping
 v - 2 scrolls of fear
 D - a scroll of amnesia
 J - 2 scrolls of summoning
 U - a scroll of enchant weapon
Potions
 f - 5 potions of brilliance
 h - 9 potions of curing
 p - 4 potions of invisibility
 q - a potion of ambrosia
 r - 4 potions of might
 w - 2 potions of berserk rage
 x - 3 potions of haste
 N - a potion of resistance
 V - a potion of heal wounds


   Skills:
 + Level 7.8 Fighting
 + Level 8.7 Dodging
 - Level 1.7 Stealth
 * Level 10.4 Unarmed Combat
 - Level 11.0 Spellcasting
 - Level 10.0 Conjurations
 - Level 9.0 Hexes
 - Level 8.0 Translocations
 * Level 8.6 Transmutations
 - Level 5.0 Fire Magic
 * Level 9.3 Air Magic
 - Level 4.0 Poison Magic
 - Level 3.0 Evocations


You had 9 spell levels left.
You knew the following spells:

 Your Spells              Type           Power      Damage    Failure   Level
a - Magic Dart            Conj           100%       1d8       1%          1
b - Searing Ray           Conj           100%       2d8       1%          2
c - Iskenderun's Mystic   Conj/Tloc      71%        2d14      1%          4
d - Poisonous Vapours     Pois/Air       100%       N/A       1%          2
e - Fulminant Prism       Conj/Hex       36%        3d18      1%          4
f - Blink                 Tloc           100%       N/A       1%          2
g - Beastly Appendage     Tmut           100%       N/A       1%          1
h - Manifold Assault      Tloc           67%        N/A       2%          5
i - Ignite Poison         Fire/Tmut/Pois 75%        N/A       1%          3
j - Olgreb's Toxic Radia  Pois           64%        N/A       4%          4

Your spell library contained the following spells:

 Spells                   Type           Power      Damage    Failure   Level
 Sting                    Tmut/Pois      100%       1d8       1%          1
 Wereblood                Tmut           69%        N/A       1%          2
 Dazzling Flash           Conj/Hex       100%       N/A       1%          3
 Gell's Gravitas          Tloc           67%        N/A       1%          3
 Mephitic Cloud           Conj/Pois/Air  85%        N/A       1%          3
 Spider Form              Tmut/Pois      78%        N/A       1%          3
 Teleport Other           Tloc           67%        N/A       1%          3
 Tukima's Dance           Hex            71%        N/A       1%          3
 Passage of Golubria      Tloc           67%        N/A       1%          4
 Irradiate                Conj/Tmut      36%        3d26      1%          5
 Silence                  Hex/Air        36%        N/A       1%          5
 Yara's Violent Unravell  Hex/Tmut       35%        3d14      1%          5
 Call Imp                 Summ           19%        N/A       3%          2
 Sublimation of Blood     Necr           19%        N/A       3%          2
 Call Canine Familiar     Summ           19%        N/A       6%          3
 Summon Mana Viper        Hex/Summ       51%        N/A       9%          5
 Dispersal                Tloc           33%        N/A       12%         6
 Summon Ice Beast         Ice/Summ       19%        N/A       21%         4
 Storm Form               Tmut/Air       35%        N/A       41%         7
 Agony                    Necr           19%        N/A       50%         5
 Haunt                    Necr/Summ      9%         N/A       100%        7
 Monstrous Menagerie      Summ           9%         N/A       100%        7
 Summon Hydra             Summ           9%         N/A       100%        7


Dungeon Overview and Level Annotations

Branches:
Dungeon (14/15)            Temple (1/1) D:6            Lair (6/6) D:10
  Swamp (1/4) Lair:4       Spider (2/4) Lair:4        Slime (0/5) Lair:5
    Orc (2/2) D:10            Elf (1/3) Orc:2        Vaults (0/5) D:13

Shops:
D:10 ?   Orc:2 (*(:

Annotations:
D:9 1 runed translucent door, boopmooplesden's ghost, novice MiBe
D:10 3 runed translucent doors, RascalDebosk's ghost, journeyman MiBe


Innate Abilities, Weirdness & Mutations

You have an increased reservoir of magic. (+10% MP)
You shall have no god before yourself.
Your divine heritage dramatically boosts your attributes as you level up.


Message History

The emperor scorpion is lightly wounded.
The emperor scorpion stings you!
* * * LOW HITPOINT WARNING * * *
You are poisoned.
The emperor scorpion poisons you! The emperor scorpion claws you.
* * * LOW HITPOINT WARNING * * *
The emperor scorpion claws you.
* * * LOW HITPOINT WARNING * * *
Casting: Iskenderun's Mystic Blast (mildly dangerous; 1% risk of failure)
Confirm with . or Enter, or press ? or * to list all spells.
You erupt in a blast of force!
The mystic blast hits the emperor scorpion but does no damage.
The emperor scorpion is lightly wounded.
Your toxic aura wanes.
You feel extremely sick. The emperor scorpion stings you!
* * * LOW HITPOINT WARNING * * *
The emperor scorpion claws you!
* * * LOW HITPOINT WARNING * * *
The emperor scorpion barely misses you.
Casting: Iskenderun's Mystic Blast (mildly dangerous; 1% risk of failure)
Confirm with . or Enter, or press ? or * to list all spells.
You erupt in a blast of force!
The mystic blast hits the emperor scorpion.
The emperor scorpion is moderately wounded.
You feel very sick. The emperor scorpion stings you.
* * * LOW HITPOINT WARNING * * *
The emperor scorpion claws you but does no damage. x2
The emperor scorpion stings you!
* * * LOW HITPOINT WARNING * * *
The emperor scorpion barely misses you.
The emperor scorpion closely misses you.
You feel better. The emperor scorpion stings you!
* * * LOW HITPOINT WARNING * * *
The emperor scorpion misses you.
The emperor scorpion closely misses you.
As you read the scroll of teleportation, it crumbles to dust.
You feel strangely unstable. The emperor scorpion stings you!!
You die...

##.......### #. ##
##.........##.# $##
###.......)..# ...##
..#..........#...
.#..
................#
#...
.#..^..........# ^.#
..............####†#
.............##.#s#
..###..^....###.@<#
.^####......###...#
...# ##......#^...#
...# ##..###.....#
..## #### ##..#.#
..# ### #......
..##..##. #.######
......... #.#
#........ .##


You could see an emperor scorpion.

Vanquished Creatures
  Kirke (D:12)
  An emperor scorpion (Spider:1)
  A ghost moth (Spider:1)
  A deep elf sorcerer (Elf:1)
  2 broodmothers (Spider:1)
  An eleionoma (Lair:4)
  2 entropy weavers (Spider:1)
  3 dire elephants (Lair:6)
  Fannar (Lair:3)
  7 hydras
  4 vault guards (D:13)
  Harold (D:11)
  Erica (Lair:1)
  6 boulder beetles
  2 centaur warriors (D:13)
  A radroach (Spider:1)
  A dancing weapon (Elf:1)
  10 death yaks
  5 two-headed ogres
  A tengu warrior (D:14)
  Urug (D:11)
  A spectral dire elephant (Lair:6)
  9 skeletal warriors
  5 deep elf knights (Elf:1)
  A sun moth (Spider:1)
  3 steelbarb worms
  A spectral anaconda (Lair:6)
  2 orb spiders
  A wizard (Elf:1)
  A deep elf archer (D:13)
  3 lindwurms (Lair:1)
  An obsidian statue (Lair:6)
  5 orc knights
  11 deep elf zephyrmancers (Elf:1)
  3 necromancers (Lair:6)
  10 deep elf pyromancers
  3 orc sorcerers
  6 wolf spiders
  A salamander (shapeshifter) (D:13)
  A manticore (D:12)
  3 moths of wrath
  3 cyclopes
  2 dire elephant zombies (Lair:6)
  13 cane toads
  7 black mambas
  25 elephants
  3 gargoyles
  An unseen horror (D:12)
  A dire elephant skeleton (Lair:6)
  A torpor snail (Lair:4)
  5 komodo dragons
  2 demonic crawlers (Spider:1)
  3 kobold demonologists
  14 rime drakes
  2 tengu conjurers
  5 trolls
  7 meliai
  2 polar bears
  Grinder (D:3)
  23 blink frogs
  6 tarantellas
  3 slime creatures (D:12)
  2 spectral elephants (Lair:6)
  11 jumping spiders
  2 air elementals (Elf:1)
  2 water elementals (Elf:1)
  A shadow (D:12)
  11 culicivoras
  3 vampires
  2 wyverns (Lair:4)
  6 steam dragons (Lair:2)
  2 wraiths
  58 yaks
  19 redbacks
  3 basilisks
  Eustachio (D:5)
  3 hogs (D:12)
  12 vampire mosquitoes
  2 death yak simulacra (Lair:6)
  A spectral cane toad (Lair:6)
  Menkaure (D:5)
  3 wargs
  An acid dragon (Lair:2)
  10 water moccasins
  A sky beast (D:5)
  An elephant zombie (Lair:6)
  33 orc warriors
  A hornet zombie (D:9)
  A boggart (Elf:1)
  A necrophage (D:8)
  5 ogres
  24 centaurs
  9 wolves
  4 kobold brigands
  5 bullfrogs
  Blork the orc (D:5)
  3 scorpions
  A wyvern zombie (D:5)
  An earth elemental (Elf:1)
  An elephant simulacrum (Lair:6)
  5 killer bees (Lair:4)
  An electric eel (Lair:1)
  9 howler monkeys
  A jelly (D:4)
  2 lava snakes
  3 centaur zombies
  A hound (D:6)
  10 orc priests
  2 gnoll shamans
  15 orc wizards
  4 iguanas
  Ijyb (D:5)
  A howler monkey zombie (D:10)
  10 gnolls
  A howler monkey skeleton (D:6)
  4 adders
  A shadow imp (D:5)
  A white imp (D:5)
  An ufetubus (D:6)
  An adder skeleton (D:4)
  A worm (D:3)
  A dart slug (D:2)
  63 orcs
  3 bats
  6 endoplasms
  A giant cockroach (D:2)
  2 goblins
  6 hobgoblins
  3 quokkas
  3 ball pythons
  3 frilled lizards
  11 kobolds
  4 rats
  A bush (Lair:4)
  A fire vortex (D:11)
684 creatures vanquished.

Vanquished Creatures (others)
  296 fulminant prisms
  66 fungi
  139 plants
  33 withered plants (Lair:6)
534 creatures vanquished.

Grand Total: 1218 creatures vanquished

Notes
Turn   | Place    | Note
-------+----------+-------------------------------------------
     0 | D:1      | pkoi the Demigod Conjurer began the quest for the Orb.
     0 | D:1      | Reached XP level 1. HP: 14/14 MP: 5/5
   338 | D:1      | Reached skill level 2 in Spellcasting
   581 | D:1      | Reached XP level 2. HP: 20/20 MP: 4/7
  1618 | D:2      | Reached XP level 3. HP: 14/26 MP: 2/9
  2525 | D:3      | Noticed Grinder
  2671 | D:3      | Paralysed by Grinder for 7 turns
  2684 | D:3      | HP: 1/26 [Grinder/nerve-wracking pain (1)]
  2690 | D:3      | HP: 1/26 [Grinder/nerve-wracking pain (4)]
  2693 | D:3      | Killed Grinder
  2694 | D:3      | Reached skill level 3 in Spellcasting
  2694 | D:3      | Reached skill level 5 in Conjurations
  2694 | D:3      | Reached XP level 4. HP: 2/33 MP: 0/11
  2694 | D:3      | Reached XP level 5. HP: 3/38 MP: 0/13
  2987 | D:2      | Learned a level 2 spell: Searing Ray
  2992 | D:2      | Learned a level 4 spell: Iskenderun's Mystic Blast
  2995 | D:2      | Learned a level 2 spell: Poisonous Vapours
  3322 | D:3      | Noticed a water moccasin
  3502 | D:3      | Killed a water moccasin
  3503 | D:3      | Reached XP level 6. HP: 41/45 MP: 7/14
  4160 | D:4      | Reached skill level 1 in Translocations
  4160 | D:4      | Reached skill level 1 in Air Magic
  4160 | D:4      | Reached skill level 1 in Poison Magic
  5072 | D:5      | Entered Level 5 of the Dungeon
  5138 | D:5      | Noticed Eustachio
  5161 | D:5      | Killed Eustachio
  5162 | D:5      | Reached XP level 7. HP: 45/50 MP: 6/16
  5233 | D:5      | Learned a level 4 spell: Fulminant Prism
  5890 | D:5      | Reached skill level 4 in Spellcasting
  5890 | D:5      | Reached skill level 1 in Hexes
  6388 | D:5      | Reached skill level 1 in Evocations
  6747 | D:5      | Noticed Blork the orc
  6753 | D:5      | Killed Blork the orc
  6820 | D:5      | Noticed Menkaure
  6824 | D:5      | Killed Menkaure
  6825 | D:5      | Reached XP level 8. HP: 16/57 MP: 11/17
  7107 | D:5      | Noticed Ijyb
  7141 | D:5      | Killed Ijyb
  7687 | D:6      | Found a staircase to the Ecumenical Temple.
  7741 | Temple   | Entered the Ecumenical Temple
  8869 | D:6      | Learned a level 2 spell: Blink
  9482 | D:7      | Reached skill level 1 in Fighting
 10668 | D:8      | Reached XP level 9. HP: 53/68 MP: 2/18
 11347 | D:8      | Reached skill level 5 in Translocations
 11873 | D:9      | Reached skill level 1 in Unarmed Combat
 12842 | D:8      | Learned a level 1 spell: Beastly Appendage
 13034 | D:9      | Found a runed translucent door.
 13034 | D:9      | Noticed boopmooplesden's ghost (novice MiBe)
 13084 | D:9      | Noticed a two-headed ogre
 13090 | D:9      | Killed a two-headed ogre
 13091 | D:9      | Reached skill level 1 in Transmutations
 13091 | D:9      | Reached XP level 10. HP: 77/77 MP: 3/19
 13656 | D:9      | Reached skill level 5 in Hexes
 14062 | D:10     | Entered Level 10 of the Dungeon
 14719 | D:10     | Found Moximem's Magic Scroll Shoppe.
 14734 | D:10     | Bought a scroll of blinking for 105 gold pieces
 14957 | D:10     | Found a staircase to the Orcish Mines.
 14998 | D:10     | Found a runed translucent gate.
 14998 | D:10     | Found a runed translucent gate.
 14998 | D:10     | Found a runed translucent gate.
 15002 | D:10     | Noticed RascalDebosk's ghost (journeyman MiBe)
 15594 | D:10     | Found a staircase to the Lair.
 15848 | D:11     | Noticed a cyclops
 15857 | D:11     | Killed a cyclops
 15937 | Lair:1   | Entered Level 1 of the Lair of Beasts
 16083 | Lair:1   | Noticed a lindwurm
 16216 | Lair:1   | Noticed a lindwurm
 16248 | Lair:1   | Noticed a lindwurm
 16388 | Lair:1   | Noticed Erica
 16453 | Lair:1   | Killed Erica
 16454 | Lair:1   | Reached skill level 5 in Dodging
 16455 | Lair:1   | Killed a lindwurm
 16927 | Lair:1   | Noticed a seven-headed hydra
 17173 | D:11     | Noticed a soul eater
 17372 | D:11     | Reached XP level 11. HP: 83/85 MP: 11/20
 17473 | D:11     | Noticed a two-headed ogre
 17479 | D:11     | Killed a two-headed ogre
 17574 | D:11     | Reached skill level 5 in Fighting
 17647 | D:11     | Noticed Harold
 17708 | D:11     | Noticed a deep elf pyromancer
 18200 | D:11     | Noticed Urug
 18210 | D:11     | Killed Urug
 19156 | Lair:1   | Killed a lindwurm
 19200 | Lair:1   | Killed a lindwurm
 19201 | Lair:1   | Reached skill level 5 in Air Magic
 19529 | Lair:1   | Noticed a five-headed hydra
 19554 | Lair:1   | Killed a five-headed hydra
 19580 | Lair:1   | Killed a seven-headed hydra
 21456 | Lair:2   | Reached skill level 5 in Unarmed Combat
 21856 | Lair:2   | Noticed an eight-headed hydra
 21865 | Lair:2   | Killed an eight-headed hydra
 22160 | Lair:2   | Reached XP level 12. HP: 96/96 MP: 8/21
 23769 | Lair:3   | Reached skill level 5 in Transmutations
 23921 | Lair:3   | Noticed Fannar
 23930 | Lair:3   | Killed Fannar
 24042 | Lair:3   | Identified a scroll of acquirement
 24042 | Lair:3   | Acquired the +2 pair of boots "Cicsuh" {Dex+2}
 24116 | Lair:3   | Identified the +6 mace of the Ancients {flame, Int+4}
 25199 | Lair:4   | Found the +2 cloak of the Thief {*Fog Slay-2 SInv Stlth+}
 25450 | Lair:4   | Noticed a boulder beetle
 26338 | Lair:4   | Reached skill level 5 in Spellcasting
 26457 | Lair:4   | Reached skill level 10 in Conjurations
 26568 | Lair:4   | Learned a level 5 spell: Manifold Assault
 26608 | Lair:4   | Found a staircase to the Swamp.
 26776 | Lair:4   | Reached XP level 13. HP: 105/105 MP: 16/24
 27532 | Lair:4   | Found a hole to the Spider Nest.
 29148 | Lair:5   | Got Qavus's Tome of Creative Changing
 29368 | Lair:5   | You fall into a shaft and drop 1 floor!
 29368 | Lair:6   | Entered Level 6 of the Lair of Beasts
 29484 | Lair:5   | Found a staircase to the Slime Pits.
 31500 | Lair:6   | Reached skill level 6 in Spellcasting
 31743 | Lair:6   | Noticed a dire elephant
 31743 | Lair:6   | Noticed a dire elephant
 31744 | Lair:6   | Noticed a dire elephant
 32517 | Lair:6   | Reached XP level 14. HP: 111/113 MP: 16/27
 32538 | Lair:5   | Learned a level 3 spell: Ignite Poison
 33247 | Lair:6   | Reached skill level 1 in Fire Magic
 33433 | Lair:6   | Reached skill level 7 in Spellcasting
 33700 | Lair:6   | Identified the amulet of Viucreiw {rC+ Regen+}
 34369 | D:11     | Killed Harold
 35339 | D:12     | Reached skill level 8 in Spellcasting
 35496 | D:12     | Identified the +3 lajatang "Yrilaemos" {spect, *Slow rF-
                  | rC+++ rCorr}
 36092 | D:12     | Noticed Kirke
 36107 | D:12     | Killed Kirke
 37618 | D:13     | Reached skill level 9 in Spellcasting
 38125 | D:13     | Found a gate to the Vaults.
 38308 | D:13     | Reached skill level 5 in Fire Magic
 39398 | D:14     | Learned a level 4 spell: Olgreb's Toxic Radiance
 39405 | D:14     | Reached XP level 15. HP: 118/118 MP: 22/33
 39622 | Orc:1    | Entered Level 1 of the Orcish Mines
 40469 | Orc:2    | Entered Level 2 of the Orcish Mines
 41165 | Orc:2    | Found Couton's Weapon Shoppe.
 41165 | Orc:2    | Found Aluoraq's General Store.
 41167 | Orc:2    | Found Teynnej's Antique Weapon Boutique.
 41169 | Orc:2    | Found Qukh's Book Emporium.
 41174 | Orc:2    | Bought a potion of haste for 120 gold pieces
 41923 | Orc:2    | Found a staircase to the Elven Halls.
 42431 | Elf:1    | Entered Level 1 of the Elven Halls
 42439 | Elf:1    | Reached skill level 10 in Spellcasting
 42518 | Elf:1    | Paralysed by an air elemental for 1 turns
 42823 | Spider:1 | Entered Level 1 of the Spider Nest
 43976 | Spider:1 | Identified the amulet of the Prince of Darkness {Spirit
                  | +Blink MP+9 Str+3}
 44839 | Swamp:1  | Entered Level 1 of the Swamp
 46001 | Elf:1    | Reached skill level 10 in Unarmed Combat
 47421 | Spider:1 | You fall into a shaft and drop 1 floor!
 48302 | Spider:2 | Reached skill level 11 in Spellcasting
 48660 | Spider:1 | Reached XP level 16. HP: 92/127 MP: 19/36
 49099 | Spider:2 | Slain by an emperor scorpion

Illustrated notes

Levels and vault maps discovered:
D:1:      dpeg_arrival_pits, layout_loops_cross
D:2:      layout_basic
D:3:      layout_rooms, patterned_corridor, uniq_grinder
D:4:      layout_basic, chequers_serial_rivers_small_3
D:5:      layout_basic, uniq_ijyb, uniq_blork_the_orc, uniq_menkaure,
          uniq_eustachio
D:6:      layout_loops_cross, lemuel_coloured_pillars_altar,
          minmay_temple_entry_hall
D:7:      layout_loops_cross
D:8:      layout_cave_pools
D:9:      layout_basic, hellmonk_ghost_happy_afterlife
D:10:     layout_basic, david_lair_shrubbed, david_orc_3, serial_shops,
          shop_coins, gammafunk_ghost_spectres
D:11:     layout_cross, kennysheep_diamond, uniq_harold, uniq_urug
D:12:     layout_roguey, uniq_kirke
D:13:     layout_loops_ring, grunt_vaults_entry_fortified, serial_aquarium,
          aquarium_bridge_straight [aquarium_subvault_bridge,
          aquarium_subvault_wall, aquarium_subvault_bridge,
          aquarium_subvault_balcony], aquarium_bridge_square
          [aquarium_subvault_wall, aquarium_subvault_wall,
          aquarium_subvault_window, aquarium_subvault_bridge],
          aquarium_window_fake, aquarium_window_corner, aquarium_view_2d,
          aquarium_view_2b, aquarium_balcony_double_4, aquarium_pool_1
D:14:     gammafunk_corrupted_shrine, layout_long_grid,
          nicolae_uskayaw_murder_on_the_dancefloor, special_room
          [special_room_orc], nicolae_hepliaklqana_monster_ancestors,
          uniq_azrael, uniq_louise, uniq_frances
Temple:   compressed_dpeg_triangle_lava_temple
Lair:1:   layout_gridlike, st_stairs_13, nicolae_lair_lindhole, uniq_erica
Lair:2:   layout_roguey, basic_altar, bobbens_dragon_lair_wall
Lair:3:   layout_misc_corridors, serial_rivers, chequers_serial_rivers_small_3,
          chequers_serial_rivers_room_a, chequers_serial_rivers_marsh,
          chequers_serial_rivers_marsh, chequers_serial_rivers_micro_b,
          chequers_serial_rivers_small_3, grunt_forest_small_clearings,
          uniq_fannar
Lair:4:   beast_lair_carwin_large_3, layout_small_grid,
          minmay_swamp_entry_swarm, hellmonk_spider_entry_not_the_bees,
          portal_ice_cave_entry_pillars_2
Lair:5:   layout_gridlike, slime_altar_1, infiniplex_staircase_pool_2
Lair:6:   due_jungle_book, layout_gridlike, serial_bayou_shore_a
Swamp:1:  layout_basic_swamp, evilmike_swamp_ruin_rubble_2
Spider:1: layout_spider_delve
Spider:2: layout_chambers
Orc:1:    layout_diamond_mine
Orc:2:    st_orc_rangers, layout_caves, basic_altar
Elf:1:    eino_elf_arrival_the_gate, layout_gridlike, hangedman_elf_disciples

Skill      XL: |  1  2  3  4  5  6  7  8  9 10 11 12 13 14 15 |
---------------+----------------------------------------------+-----
Spellcasting   | 2 3 4 5 6 9 11 | 11.0
Conjurations   | 4 5 6 7 8 9 10 | 10.0
Translocations | 2 3 4 5 6 7 8 |  8.0
Air Magic      | 1 2 3 4 5 6 7 8 9 |  9.3
Poison Magic   | 1 2 4 |  4.0
Hexes          | 2 4 5 6 7 8 9 |  9.0
Evocations     | 2 3 |  3.0
Dodging        | 3 4 5 6 7 8 |  8.7
Fighting       | 2 3 4 6 7 |  7.8
Unarmed Combat | 2 3 5 6 7 9 10 | 10.4
Transmutations | 1 3 4 5 7 8 |  8.6
Fire Magic     | 5 |  5.0
Stealth        | |  1.7

Action                   |  1- 3 |  4- 6 |  7- 9 | 10-12 | 13-15 | 16-18 || total
-------------------------+-------+-------+-------+-------+-------+-------++-------
Melee: Spear             |     1 |       |       |       |       |       ||     1
       Mace              |     2 |       |       |    11 |       |       ||    13
       Dagger            |       |       |    23 |     3 |       |       ||    26
       Punch             |       |       |     1 |     5 |     9 |       ||    15
       Kick              |       |       |       |     2 |    25 |       ||    27
       Headbutt          |       |       |       |     1 |    17 |       ||    18
       Unarmed           |       |       |       |    76 |   101 |       ||   177
       Staff             |       |       |       |       |    15 |       ||    15
 Cast: Magic Dart        |    90 |    29 |    34 |    13 |    36 |       ||   202
       Searing Ray       |       |    10 |    16 |     4 |       |       ||    30
       Poisonous Vapours |       |     4 |    12 |    15 |   251 |     8 ||   290
       Iskenderun's Myst |       |       |    38 |   175 |   236 |     8 ||   457
       Fulminant Prism   |       |       |    30 |   104 |   160 |     2 ||   296
       Beastly Appendage |       |       |       |     1 |     4 |       ||     5
       Ignite Poison     |       |       |       |       |   171 |     9 ||   180
       Olgreb's Toxic Ra |       |       |       |       |    32 |     3 ||    35
Evoke: Wand              |       |       |       |     4 |    11 |       ||    15
  Use: Potion            |     3 |       |       |     1 |     1 |     1 ||     6
       Scroll            |       |     6 |     6 |     8 |     7 |     1 ||    28
Armor: Robe              |     3 |       |    10 |    16 |       |       ||    29
       Steam dragon scal |       |       |       |    58 |    82 |    12 ||   152
Dodge: Dodged            |    15 |     5 |    47 |   207 |   287 |    32 ||   593
       Repelled          |       |       |       |    13 |    12 |       ||    25
